 Dungeon Crawl Stone Soup version 0.29-a0-266-gf56f883ddd (webtiles) character file.

Game seed: 816184434927150642

5682 gruber the Basher (level 10, 0/86 HPs)
             Began as a Minotaur Hunter on Mar 6, 2022.
             Slain by an efreet
             ... wielding a +1 scimitar of flaming
              (14 damage)
             ... on level 9 of the Dungeon.
             The game lasted 00:12:14 (9571 turns).

gruber the Basher (Minotaur Hunter)                 Turns: 9571, Time: 00:12:14

Health: 0/86       AC:  6    Str: 16    XL:     10   Next: 47%
Magic:  9/9        EV: 14    Int:  8    God:
Gold:   452        SH:  5    Dex: 22    Spells: 9/9 levels left

rFire   + . .      SeeInvis .   o - +6 shillelagh "Devastator" {shatter}
rCold   . . .      Faith    .   (no shield)
rNeg    . . .      Spirit   .   b - +0 leather armour
rPois   .          Reflect  +   (helmet restricted)
rElec   .          Harm     .   p - +0 cloak
rCorr   .          Rampage  .   i - +0 pair of gloves
Will    .....                   (no boots)
Stlth   ++........              u - amulet of reflection
HPRegen 0.24/turn               K - +6 ring of dexterity
MPRegen 0.11/turn               H - ring of protection from fire

@: no status effects
A: horns 2, retaliatory headbutt
a: no special abilities


You were on level 9 of the Dungeon.
You visited 1 branch of the dungeon, and saw 9 of its levels.
You also visited: Ossuary.

You collected 452 gold pieces.

Inventory:

Hand Weapons
 a - a +1 shortbow
 o - the +6 shillelagh "Devastator" (weapon) {shatter}
   (You found it on level 2 of the Dungeon)

   It releases a powerful concussive burst when it strikes, dealing extra damage
   to the target and all other foes adjacent to them.
Missiles
 j - 8 curare-tipped darts
Armour
 b - a +0 leather armour (worn)
 i - a +0 pair of gloves (worn)
 p - a +0 cloak (worn)
 A - a +0 kite shield
Jewellery
 n - a ring of see invisible
 q - a ring of fire
 u - an amulet of reflection (around neck)
 B - a ring of magical power
 H - a ring of protection from fire (right hand)
 K - a +6 ring of dexterity (left hand)
 L - an amulet of guardian spirit
Wands
 t - a wand of iceblast (8)
 x - a wand of charming (9)
 y - a wand of paralysis (3)
 G - a wand of acid (13)
 P - a wand of flame (12)
Scrolls
 c - 2 scrolls of immolation
 d - 6 scrolls of identify {unknown}
 e - 3 scrolls of vulnerability {unknown}
 g - 3 scrolls of enchant weapon {unknown}
 k - 4 scrolls of teleportation {unknown}
 w - a scroll of enchant armour {unknown}
 z - a scroll of magic mapping {unknown}
 E - a scroll of brand weapon {unknown}
 F - a scroll of noise {unknown}
 I - 6 scrolls of fog {unknown}
 O - 2 scrolls of fear {unknown}
Potions
 f - 2 potions of invisibility {unknown}
 h - 2 potions of curing
 l - a potion of heal wounds
 m - a potion of magic {unknown}
 r - 2 potions of might {unknown}
 s - a potion of resistance
 v - 3 potions of degeneration {unknown}
 C - 2 potions of flight {unknown}
 D - 2 potions of brilliance {unknown}
 J - 2 potions of cancellation {unknown}
 M - a potion of berserk rage {unknown}
 N - 3 potions of lignification {unknown}


   Skills:
 - Level 7.1 Fighting
 - Level 14.5 Maces & Flails
 - Level 6.7 Bows
 + Level 6.4 Armour
 + Level 4.1 Dodging
 - Level 0.7 Stealth


You had 9 spell levels left.
You didn't know any spells.
Your spell library contained the following spells:

 Spells                   Type           Power      Damage    Failure   Level
 Foxfire                  Conj/Fire      0%         2x1d4     45%         1
 Shock                    Conj/Air       0%         1d3       45%         1
 Summon Small Mammal      Summ           0%         N/A       45%         1
 Ensorcelled Hibernation  Hex/Ice        0%         N/A       61%         2
 Passwall                 Tmut/Erth      0%         N/A       61%         2
 Call Canine Familiar     Summ           0%         N/A       83%         3
 Conjure Flame            Conj/Fire      0%         6-21      83%         3
 Ignite Poison            Fire/Tmut/Pois 0%         N/A       83%         3
 Inner Flame              Hex/Fire       0%         N/A       83%         3
 Summon Guardian Golem    Hex/Summ       0%         N/A       83%         3
 Swiftness                Air            0%         N/A       83%         3
 Tukima's Dance           Hex            0%         N/A       83%         3
 Airstrike                Air            0%         N/A       99%         4
 Flame Wave               Conj/Fire      0%         2d4       99%         4
 Leda's Liquefaction      Hex/Erth       0%         N/A       99%         4
 Passage of Golubria      Tloc           0%         N/A       99%         4
 Sticky Flame             Conj/Fire      0%         2d3       99%         4
 Lee's Rapid Deconstruct  Erth           0%         3d5*      100%        5
 Yara's Violent Unravell  Hex/Tmut       0%         3d3       100%        5
 Statue Form              Tmut/Erth      0%         N/A       100%        6


Dungeon Overview and Level Annotations

Branches:
Dungeon (9/15)             Temple (0/1) D:6         Ossuary (visited)
   Lair: D:8-11         Orc: D:9-12

Altars:
Kikubaaqudgha
Qazlal
Wu Jian
Xom

Shops:
D:4 =


Innate Abilities, Weirdness & Mutations

You have a pair of horns on your head.
You reflexively headbutt those who attack you in melee.


Message History

Unknown command.
You hit the orc warrior.
The orc warrior and Joseph shudder.
You kill the orc warrior!
Joseph is lightly wounded.
Unknown command.
Unknown command.
You sock Joseph!
Joseph shudders.
Joseph is severely wounded. x2
Unknown command.
Unknown command.
You hit Joseph.
Joseph and the gnoll shudder.
Joseph is severely wounded.
The gnoll is severely wounded.
Joseph is severely wounded.
Joseph unwields a +0 hunting sling of freezing.
Joseph wields a +0 quarterstaff.
Joseph hits you with a +0 quarterstaff.
* * * LOW HITPOINT WARNING * * *
Unknown command.
Unknown command.
Unknown command.
You hit Joseph.
Joseph and the gnoll shudder.
Joseph is almost dead.
You kill the gnoll!
You headbutt Joseph.
You kill Joseph!
Your Armour skill increases to level 6!
Your Dodging skill increases to level 4!
Unknown command.
You hit the gnoll but do no damage.
You headbutt the gnoll, but do no damage.
Unknown command.
You sock the gnoll!
The gnoll and the efreet shudder.
You kill the gnoll!
The efreet is lightly wounded.
The efreet gestures at you.
The fireball explodes!
The fireball engulfs you. You resist.
* * * LOW HITPOINT WARNING * * *
Unknown command.
Unknown command.
The efreet hits you with a +1 scimitar of flaming!
You die...

...☼....# ##
....○...# .#
....○..?# .#####
........# .....#
........####.....#.
........'.o)g.g$...
........####))...#.
........####..o..#
.......○R@<#.o...#
##.#########.....#
#. )....# # .....#
.....#


You could see an efreet.

Vanquished Creatures
  Joseph (D:9)
  An unseen horror (D:5)
  A hornet (D:5)
  Prince Ribbit (D:5)
  Grinder (D:3)
  Sigmund (D:4)
  2 wraiths (Ossuary)
  A steam dragon (D:8)
  Duvessa (D:4)
  2 water moccasins
  An orc warrior (D:9)
  An ice beast (D:6)
  A sky beast (D:5)
  2 ogres
  3 centaurs
  A black bear (D:5)
  A phantom (D:5)
  Blork the orc (D:5)
  A kobold brigand (D:9)
  3 necrophages
  7 scorpions
  2 gnoll sergeants
  11 wights
  Dowan (D:4)
  4 killer bees (D:8)
  A howler monkey (D:4)
  6 jellies
  An orc priest (D:9)
  Crazy Yiuf (D:2)
  2 gnoll shamans
  4 hounds
  Ijyb (D:3)
  Terence (D:3)
  5 iguanas
  5 orc wizards
  14 gnolls
  15 adders
  2 white imps
  4 ufetubi
  2 adder zombies (Ossuary)
  A worm (D:2)
  2 dart slugs
  12 orcs
  7 ball pythons
  6 bats
  11 endoplasms
  5 giant cockroaches
  4 goblins
  A hobgoblin (D:2)
  2 quokkas
  3 ball python skeletons (Ossuary)
  7 frilled lizards
  A hobgoblin skeleton (Ossuary)
  7 kobolds
  A kobold zombie (Ossuary)
  An orc skeleton (Ossuary)
  2 orc zombies (Ossuary)
  9 rats
198 creatures vanquished.

Vanquished Creatures (others)
  A fungus (D:2)
1 creature vanquished.

Grand Total: 199 creatures vanquished

Notes
Turn   | Place    | Note
-------+----------+-------------------------------------------
     0 | D:1      | gruber the Minotaur Hunter began the quest for the Orb.
     0 | D:1      | Reached XP level 1. HP: 18/18 MP: 0/0
   246 | D:1      | Reached XP level 2. HP: 25/25 MP: 1/1
   278 | D:1      | Reached skill level 5 in Bows
  1082 | D:2      | Found a faded altar of an unknown god.
  1354 | D:2      | Reached XP level 3. HP: 28/30 MP: 2/2
  1718 | D:2      | Reached XP level 4. HP: 23/37 MP: 3/3
  2076 | D:2      | Found a runed translucent door.
  2076 | D:2      | Found the +6 shillelagh "Devastator" {shatter}
  2077 | D:2      | Noticed Crazy Yiuf
  2191 | D:2      | Killed Crazy Yiuf
  2536 | D:3      | Noticed Grinder
  2543 | D:3      | Killed Grinder
  2544 | D:3      | Reached skill level 4 in Maces & Flails
  2544 | D:3      | Reached XP level 5. HP: 31/42 MP: 4/4
  2544 | D:3      | Reached XP level 6. HP: 36/50 MP: 5/5
  2652 | D:3      | Found a shimmering altar of Xom.
  2652 | D:3      | Found an ornate altar of the Wu Jian Council.
  2653 | D:3      | Found an ancient bone altar of Kikubaaqudgha.
  2671 | D:3      | Noticed Ijyb
  2685 | D:3      | Killed Ijyb
  2686 | D:3      | Reached skill level 5 in Maces & Flails
  3218 | D:3      | Found a stormy altar of Qazlal.
  3360 | D:3      | Reached skill level 6 in Maces & Flails
  3375 | D:3      | Noticed Terence
  3379 | D:3      | Killed Terence
  3518 | D:4      | Reached XP level 7. HP: 54/56 MP: 6/6
  3647 | D:4      | Reached skill level 7 in Maces & Flails
  3653 | D:4      | Found Niunig's Jewellery Emporium.
  4064 | D:4      | Noticed Sigmund
  4072 | D:4      | Killed Sigmund
  4073 | D:4      | Reached skill level 8 in Maces & Flails
  4484 | D:5      | Entered Level 5 of the Dungeon
  4521 | D:5      | Noticed Duvessa
  4521 | D:5      | Noticed Dowan
  4531 | D:4      | Reached skill level 9 in Maces & Flails
  4538 | D:4      | Killed Duvessa
  4538 | D:4      | Killed Dowan
  4539 | D:4      | Reached XP level 8. HP: 43/62 MP: 7/7
  4541 | D:4      | Reached skill level 10 in Maces & Flails
  4767 | D:5      | Noticed a hornet
  4770 | D:5      | Noticed an unseen horror
  4774 | D:5      | Killed a hornet
  4774 | D:5      | Noticed Blork the orc
  4775 | D:5      | Reached skill level 11 in Maces & Flails
  4775 | D:5      | Killed an unseen horror
  4776 | D:5      | Reached skill level 12 in Maces & Flails
  4780 | D:5      | Killed Blork the orc
  4995 | D:5      | Reached XP level 9. HP: 68/68 MP: 8/8
  5046 | D:5      | Reached skill level 13 in Maces & Flails
  5797 | D:5      | Noticed Prince Ribbit
  5803 | D:5      | Killed Prince Ribbit
  5804 | D:5      | Reached skill level 14 in Maces & Flails
  6505 | D:6      | Found a staircase to the Ecumenical Temple.
  6836 | D:6      | Reached skill level 5 in Fighting
  8037 | D:7      | Reached XP level 10. HP: 78/86 MP: 9/9
  8283 | D:8      | Reached skill level 1 in Armour
  8632 | D:8      | Found a sand-covered staircase.
  8641 | Ossuary  | Entered an ossuary
  9361 | D:8      | Noticed a two-headed ogre
  9362 | D:8      | Reached skill level 5 in Armour
  9518 | D:9      | Noticed Joseph
  9567 | D:9      | Killed Joseph
  9571 | D:9      | Slain by an efreet

Illustrated notes

Levels and vault maps discovered:
D:1:      elethiomel_arrival_infinity_welcomes_careful_drivers,
          layout_loops_ring, minmay_misc_feat_hallway
D:2:      layout_rooms, nicolae_ecumenical_oubliette, fountainhead,
          minmay_joined_circles, uniq_crazy_yiuf_cottage
D:3:      layout_basic, nicolae_overflow_hidden_temple,
          gammafunk_temple_overflow_forgotten, corner_web_ring, uniq_grinder,
          uniq_ijyb, uniq_terence
D:4:      layout_loops_corners, serial_shops, shop, uniq_sigmund
D:5:      minmay_razor_zed, layout_rooms, st_stairs_12, lightli_minifort,
          uniq_prince_ribbit1, uniq_blork_the_orc, uniq_duvessa
D:6:      layout_layer_cave, minmay_temple_entry_large_hall
D:7:      layout_rooms
D:8:      layout_cave_pools, enter_ossuary_3
D:9:      layout_basic, minmay_misc_feat_doors, minmay_large_rounded_square,
          uniq_erolcha, uniq_grum, uniq_joseph

Skill      XL: |  1  2  3  4  5  6  7  8  9 10 |
---------------+-------------------------------+-----
Bows           | 5 6 |  6.7
Maces & Flails | 4 6 9 12 14 | 14.5
Fighting       | 7 |  7.1
Armour         | 6 |  6.4
Dodging        | 4 |  4.1
Stealth        | |  0.7

Action                   |  1- 3 |  4- 6 |  7- 9 | 10-12 || total
-------------------------+-------+-------+-------+-------++-------
Melee: Shillelagh        |       |    35 |   125 |    77 ||   237
       Headbutt          |       |     1 |    18 |    19 ||    38
       Punch             |       |       |     1 |       ||     1
 Fire: Shortbow          |    98 |    44 |    22 |       ||   164
  Use: Potion            |       |       |     2 |       ||     2
 Stab: Sleeping          |       |       |     1 |     6 ||     7
Armor: Leather armour    |    33 |    10 |    19 |    11 ||    73
Dodge: Dodged            |    39 |    19 |    45 |    20 ||   123
Block: Other             |       |     5 |    26 |    19 ||    50
       Reflection        |       |       |       |     1 ||     1

Table legend: (Time is in decaauts)
 A = Elapsed time spent in this place.
 B = Non-inter-level travel time spent in this place.
 C = Inter-level travel time spent in this place.
 D = Time resting spent in this place.
 E = Time spent auto-exploring this place.
 F = Levels seen in this place.
 G = Mean time per level.
                   A        B        C        D        E       F      G
               +--------+--------+--------+--------+--------+-----+--------+
         Total |   9552 |   9131 |    421 |    215 |   7747 |  10 |  955.2 |
       Dungeon |   8892 |   8471 |    421 |     15 |   7465 |   9 |  988.0 |
       Ossuary |    660 |    660 |      0 |    200 |    282 |   1 |  660.0 |
               +--------+--------+--------+--------+--------+-----+--------+

Top non-repeatable levels by time:
     D:5: 1649 daAuts
     D:2: 1309 daAuts
     D:6: 1280 daAuts
     D:1: 1162 daAuts
     D:4: 1151 daAuts
     D:3: 1036 daAuts
     D:7: 679 daAuts
 Ossuary: 660 daAuts
     D:8: 434 daAuts
     D:9: 189 daAuts
